 Dungeon Crawl Stone Soup version 0.21.1-1-g345015f (webtiles) character file.

8401 infcreate the Cleaver (level 11, -1/97 HPs)
             Began as a Minotaur Fighter on May 5, 2018.
             Was a High Priest of Okawaru.
             Splashed by an acid dragon's acid (5 damage)
             ... on level 10 of the Dungeon.
             The game lasted 00:46:47 (8250 turns).

infcreate the Cleaver (Minotaur Fighter)            Turns: 8250, Time: 00:46:48

Health: -1/97      AC:  8    Str: 27    XL:     11   Next: 9%
Magic:  10/10      EV:  6    Int:  9    God:    Okawaru [*****.]
Gold:   173        SH: 13    Dex: 14    Spells: 10/10 levels left

rFire    + + .     SeeInvis .   a - +0 war axe
rCold    + . .     Gourm    .   c - +0 shield
rNeg     . . .     Faith    .   b - +1 plate armour {rC+}
rPois    +         Spirit   .   (helmet restricted)
rElec    +         Reflect  .   (no cloak)
rCorr    +         Harm     .   n - +2 pair of gloves of Inaction {Str+3 Dex+4 Stlth-}
MR       .....                  h - +0 pair of boots
Stlth    ..........             (no amulet)
HPRegen  0.26/turn              x - +4 ring of intelligence
MPRegen  0.12/turn              r - ring of fire

@: about to teleport, resistant, corroded
A: retaliatory headbutt, horns 2
a: Heroism, Finesse, Renounce Religion


You were on level 10 of the Dungeon.
You worshipped Okawaru.
Okawaru was extremely pleased with you.
You were not hungry.

You visited 2 branches of the dungeon, and saw 11 of its levels.

You collected 416 gold pieces.
You spent 243 gold pieces at shops.

Inventory:

Hand Weapons
 a - a +0 war axe (weapon)
 D - a +1 demon whip of electrocution
Armour
 b - a +1 plate armour of cold resistance (worn)
 c - a +0 shield (worn)
 h - a +0 pair of boots (worn)
 n - the +2 pair of gloves of Inaction (worn) {Str+3 Dex+4 Stlth-}
   (You found it on level 10 of the Dungeon)

   It affects your strength (+3).
   It affects your dexterity (+4).
   It makes you less stealthy.
Jewellery
 r - a ring of fire (right hand)
 x - a +4 ring of intelligence (left hand)
Scrolls
 g - a scroll of amnesia
 i - 4 scrolls of identify
 o - a scroll of vulnerability
 p - 2 scrolls of magic mapping
 q - a scroll of teleportation
 s - a scroll of enchant armour
 u - a scroll of fear
 v - 5 scrolls of remove curse
 y - a scroll of torment
 F - a scroll of random uselessness {unknown}
Potions
 d - 3 potions of might
 e - 4 potions of curing
 k - 5 potions of heal wounds
 l - a potion of degeneration
 m - 2 potions of invisibility
 t - a potion of magic
 z - a potion of agility
 A - 2 potions of mutation {unknown}
 B - a potion of ambrosia {unknown}
 C - a potion of brilliance {unknown}
 E - a potion of cancellation {unknown}
Books
 w - a book of Misfortune

   Spells                             Type                      Level
   a - Confusing Touch                Hexes                        1
   b - Confuse                        Hexes                        3
   c - Gell's Gravitas                Translocation                3
   d - Petrify                        Transmutation/Earth          4
   e - Metabolic Englaciation         Hexes/Ice                    5
   f - Yara's Violent Unravelling     Hexes/Transmutation          5
Comestibles
 f - 18 rations


   Skills:
 + Level 9.4 Fighting
 + Level 13.0 Axes
 + Level 9.7 Armour
 + Level 10.4 Shields


You had 10 spell levels left.
You didn't know any spells.

Dungeon Overview and Level Annotations

Branches:
Dungeon (10/15)            Temple (1/1) D:5            Lair (0/6) D:10
    Orc: D:9-12

Altars:
Ashenzari
Cheibriados
Dithmenos
Elyvilon
Fedhas
Gozag
Hepliaklqana
Kikubaaqudgha
Makhleb
Nemelex Xobeh
Okawaru
Qazlal
Ru
Sif Muna
Trog
Uskayaw
Vehumet
Wu Jian
Xom
Yredelemnul
Zin
The Shining One

Shops:
D:4 [[[}   D:5 %   D:8 [   D:9 !

Annotations:
D:10 1 transporter


Innate Abilities, Weirdness & Mutations

You reflexively headbutt those who attack you in melee.
You have a pair of horns on your head.


Message History

The acid dragon barely misses you. You furiously retaliate!
You headbutt the acid dragon!
The acid dragon claws you but does no damage.
You hit the acid dragon but do no damage.
Your headbutt misses the acid dragon.
The acid dragon is severely wounded.
You closely miss the acid dragon.
You hit the acid dragon but do no damage.
You slash the jelly!
You kill the jelly!
Okawaru accepts your kill. You block the acid dragon's attack.
The acid dragon claws you but does no damage.
The acid dragon spits acid at you. You block the splash of acid.
The acid dragon spits acid at you. The splash of acid hits you! You resist.
* * * LOW HITPOINT WARNING * * *
You are splashed with acid!
The acid burns!
You resist.
You die...

......#######.##.####.##..####...
####..........##.####............
######.########....##..#....)....
.P...#†# #.©..##..##.####.##
..♣....## #########..##.## #.#
)♣......## #§§§§§§§#..#...###.#
......P..# #§§§D§§§#..........#
PP.P..P♣.## #§§#D#§§#..........##
...PP..PP.# #§.D@.§§#...........#
..P.♣.....# #§§#D#§§#...........#
PP>.P.....# #§§...§§##..........#
.P..PP....#####.§§####......[.###
...........#.§§§§§§§§#........#
.P.P.....>.#§§§§§§§§.##...##.##
..♣........#.§§§§§§§§#.....#.#
P....P.....#§§§[}$§§§#.......#
..P........#.DDJJJ§§.#.......#


You could see 4 acid dragons.

Vanquished Creatures
  Erica (D:9)
  3 two-headed ogres
  An unseen horror (D:8)
  Pikel (D:7)
  A hippogriff (D:7)
  A wyvern (D:8)
  3 porcupines (D:10)
  3 ice beasts
  A sky beast (D:6)
  2 orc warriors (D:6)
  A black bear (D:8)
  A necrophage (D:7)
  8 ogres
  4 wolves (D:10)
  4 crocodiles
  4 bullfrogs
  2 wyvern skeletons
  The ghost of Iko the Skirmisher, a weakling FoMo (D:7)
  8 killer bees
  4 wights (D:6)
  3 howler monkeys
  A bullfrog zombie (D:7)
  3 crimson imps
  4 hounds
  4 jellies
  2 quasits
  A bullfrog skeleton (D:7)
  A centaur skeleton (D:10)
  4 orc wizards
  Natasha (thrice) (D:3)
  4 iguanas
  4 worker ants
  A hound zombie (D:7)
  A hound skeleton (D:6)
  8 gnolls
  14 adders
  A shadow imp (D:7)
  An adder skeleton (D:9)
  2 worms
  3 dart slugs
  6 leopard geckos
  19 orcs
  5 giant cockroaches
  7 goblins
  8 hobgoblins
  9 jackals
  3 kobolds
  A ball python (D:3)
  3 bats
  3 frilled lizards
  A leopard gecko skeleton (D:6)
  A leopard gecko zombie (D:6)
  2 quokka skeletons
  4 rats
191 creatures vanquished.

Vanquished Creatures (others)
  A worker ant (D:7)
  A plant (D:10)
2 creatures vanquished.

Grand Total: 193 creatures vanquished

Notes
Turn   | Place    | Note
-------+----------+-------------------------------------------
     0 | D:1      | infcreate the Minotaur Fighter began the quest for the Orb.
     0 | D:1      | Reached XP level 1. HP: 19/19 MP: 0/0
    61 | D:1      | Reached XP level 2. HP: 25/27 MP: 1/1
    62 | D:1      | Found a shattered altar of Ashenzari.
   498 | D:1      | Reached XP level 3. HP: 33/33 MP: 2/2
   948 | D:2      | Reached skill level 3 in Axes
  1287 | D:3      | Found a stormy altar of Qazlal.
  1312 | D:3      | Reached XP level 4. HP: 29/40 MP: 3/3
  1607 | D:3      | Reached skill level 4 in Axes
  1646 | D:3      | Reached XP level 5. HP: 47/47 MP: 4/4
  1681 | D:3      | Noticed Natasha
  1688 | D:3      | Reached skill level 5 in Shields
  1692 | D:3      | Killed Natasha
  1699 | D:3      | Noticed Natasha
  1703 | D:3      | Killed Natasha
  1703 | D:3      | Reached skill level 5 in Axes
  1763 | D:3      | Noticed Natasha
  1770 | D:3      | Killed Natasha
  1770 | D:3      | Reached XP level 6. HP: 53/53 MP: 5/5
  1808 | D:3      | Found a burning altar of Makhleb.
  1997 | D:4      | Reached skill level 5 in Armour
  2080 | D:4      | Found Bepicrum's Antique Armour Shoppe.
  2209 | D:4      | Found Raas's Armour Boutique.
  2283 | D:4      | Found Wyber's Gadget Boutique.
  2318 | D:4      | Found Qeeman's Armour Boutique.
  2324 | D:4      | Reached skill level 5 in Fighting
  2324 | D:4      | Reached skill level 6 in Axes
  2609 | D:5      | Entered Level 5 of the Dungeon
  2615 | D:5      | Noticed an ice beast
  2635 | D:5      | Killed an ice beast
  2635 | D:5      | Reached XP level 7. HP: 9/61 MP: 6/6
  2881 | D:5      | Found Jisor's Food Shop.
  2935 | D:5      | Found a staircase to the Ecumenical Temple.
  2969 | D:5      | Reached skill level 7 in Axes
  2985 | Temple   | Entered the Ecumenical Temple
  3075 | Temple   | Became a worshipper of Warmaster Okawaru
  3893 | D:4      | Bought an ichor-stained scale mail for 243 gold pieces
  3903 | D:4      | Identified the +4 scale mail of the Elven Halls {+Blink} (You bought it in a shop on level 4 of the Dungeon)
  3988 | D:6      | HP: 3/62 [orc warrior/flail (10)]
  4296 | D:6      | Reached XP level 8. HP: 70/70 MP: 7/7
  4406 | D:6      | Reached skill level 8 in Axes
  4710 | D:6      | Reached * piety under Okawaru
  4866 | D:6      | Reached skill level 9 in Axes
  4938 | D:7      | Noticed Iko's ghost (weakling FoMo)
  4957 | D:7      | Killed Iko's ghost
  4958 | D:7      | Reached ** piety under Okawaru
  5242 | D:7      | Reached XP level 9. HP: 60/78 MP: 8/8
  5273 | D:7      | Noticed Pikel
  5287 | D:7      | Killed Pikel
  5462 | D:7      | Found a hide-covered altar of Uskayaw.
  5478 | D:7      | Reached skill level 10 in Axes
  5531 | D:7      | Found a burning altar of Makhleb.
  5583 | D:7      | Reached *** piety under Okawaru
  6081 | D:8      | Reached skill level 11 in Axes
  6214 | D:8      | Killed an unseen horror
  6214 | D:8      | Reached **** piety under Okawaru
  6214 | D:8      | Reached XP level 10. HP: 46/88 MP: 9/9
  6590 | D:8      | Found Vivoq's Antique Armour Shoppe.
  6655 | D:8      | Noticed a two-headed ogre
  6669 | D:8      | Killed a two-headed ogre
  7000 | D:9      | Noticed Erica
  7027 | D:9      | Killed Erica
  7027 | D:9      | Reached ***** piety under Okawaru
  7027 | D:9      | Reached skill level 12 in Axes
  7265 | D:9      | Noticed a two-headed ogre
  7273 | D:9      | Killed a two-headed ogre
  7273 | D:9      | Received a gift from Okawaru
  7273 | D:9      | Reached skill level 10 in Shields
  7371 | D:9      | Noticed a two-headed ogre
  7379 | D:9      | Killed a two-headed ogre
  7431 | D:9      | Found Mose's Distillery.
  7681 | D:10     | Entered Level 10 of the Dungeon
  7870 | D:10     | Found a transporter.
  8029 | D:10     | Got a pair of scorched gloves
  8040 | D:10     | Identified the +2 pair of gloves of Inaction {Str+3 Dex+4 Stlth-} (You found it on level 10 of the Dungeon)
  8065 | D:10     | Found a staircase to the Lair.
  8077 | D:10     | Reached XP level 11. HP: 84/97 MP: 10/10
  8115 | D:10     | Reached skill level 13 in Axes
  8168 | D:10     | Found a transporter.
  8250 | D:10     | HP: 4/97 [acid dragon/splash of acid (5)]
  8250 | D:10     | Splashed by an acid dragon's acid

Skill      XL: |  1  2  3  4  5  6  7  8  9 10 11 |
---------------+----------------------------------+-----
Fighting       | 4 5 6 7 9 |  9.4
Shields        | 4 5 6 7 9 10 | 10.4
Armour         | 4 5 7 8 9 |  9.7
Axes           | 3 4 5 6 7 9 11 12 13 | 13.0

Action                   |  1- 3 |  4- 6 |  7- 9 | 10-12 || total
-------------------------+-------+-------+-------+-------++-------
Melee: War axe           |    73 |   118 |   284 |   183 ||   658
       Headbutt          |    12 |    15 |    49 |    33 ||   109
  Use: Scroll            |       |     4 |     1 |     8 ||    13
       Potion            |       |       |     3 |     1 ||     4
  Eat: Chunk             |     1 |     5 |     6 |     2 ||    14
       Ration            |       |       |     2 |     1 ||     3
Armor: Scale mail        |    34 |     7 |    23 |       ||    64
       Chain mail        |       |    47 |       |       ||    47
       Plate armour      |       |    29 |   194 |    89 ||   312
Dodge: Dodged            |    24 |    22 |    89 |    28 ||   163
Block: Shield            |    51 |    55 |   199 |    99 ||   404
